 Dungeon Crawl Stone Soup version 0.30.2 (webtiles) character file.

Game seed: 14699418373172051069

32 porpoise the Magician (level 3, -2/28 HPs)
             Began as a Djinni Fire Elementalist on Feb 12, 2024.
             Killed by divine providence
             ... invoked by an orc priest
              (16 damage)
             ... on level 2 of the Dungeon.
             The game lasted 00:03:15 (1135 turns).

porpoise the Magician (Djinni Fire Elementalist)    Turns: 1135, Time: 00:03:16

Health: -2/28      AC:  2    Str:  7    XL:     3   Next: 45%
Gold:   49         EV: 12    Int: 18    God:
                   SH:  5    Dex: 13

rFire   + + .        a - +0 dagger
rCold   x . .        (no shield)
rNeg    . . .        d - +0 robe
rPois   ∞            (no helmet)
rElec   .            (no cloak)
rCorr   .            (no gloves)
SInv    .            (boots unavailable)
Will    .....        f - amulet of reflection
Stlth   ++           (no ring)
HPRegen 0.24/turn    (no ring)
MPRegen 0.00/turn

%: reflection, infuse magic (-3 HP)
@: flying
A: sickness immunity, fire resistance 2, cold vulnerability 1, float, innate
caster, HP casting, extra vitality 1
a: no special abilities


You were on level 2 of the Dungeon.
You visited 1 branch of the dungeon, and saw 2 of its levels.

You collected 49 gold pieces.

Inventory:

Hand Weapons
 a - a +0 dagger (weapon)
Armour
 d - a +0 robe (worn)
Jewellery
 f - an amulet of reflection (around neck)
Scrolls
 c - 2 scrolls of identify {unknown}
 e - a scroll of blinking {unknown}
 g - a scroll of amnesia {unknown}
Potions
 b - 2 potions of flight {unknown}


   Skills:
 + Level 1.9 Fighting
 - Level 2.1 Dodging
 - Level 1.5 Stealth
 + Level 2.9 Spellcasting


You knew the following spells:

 Your Spells              Type           Power      Damage    Failure   Level
a - Magic Dart            Conj           52%        1d5       4%          1
b - Scorch                Fire           26%        2d6       8%          2
c - Volatile Blastmotes   Fire/Tloc      26%        2d12      14%         3
d - Inner Flame           Hex/Fire       13%        N/A       14%         3
e - Flame Wave            Conj/Fire      13%        2d6       43%         4
f - Foxfire               Conj/Fire      52%        2x1d6     4%          1
Your spell library was empty.

Dungeon Overview and Level Annotations

Branches:
Dungeon (2/15)

Altars:


Innate Abilities, Weirdness & Mutations

You are immune to sickness and miasma.
You are immune to poison.
Your flesh is very heat resistant. (rF++)
You are vulnerable to cold. (rC-)
You float through the air rather than walking.
You learn spells naturally, not from books.
Your magical power is your life essence.
You have superior vitality. (+4 MHP)


Message History

Unknown command.
Unknown command.
Unknown command.
Your foxfire dissipates!
HP restored.
An orc priest and a goblin come into view.
The orc priest moves out of view.
Casting: Foxfire (safe; 4% risk of failure)
Confirm with . or Enter, or press ? or * to list all spells.
Aiming: Magic Dart (safe; 4% risk of failure)
Press: ? - help, Shift-Dir - straight line, f - goblin
Aim: a goblin, wielding a +0 dagger (wandering, hasn't noticed you, 100% to hit)
The magic dart hits the goblin.
The goblin is moderately wounded.
The goblin shouts!
The goblin unwields a +0 dagger.
The goblin wields a +0 sling.
The goblin shoots a sling bullet.
You block the sling bullet with an invisible shield... and reflect it back!
The sling bullet barely misses the goblin.
Casting: Magic Dart (safe; 4% risk of failure)
Confirm with . or Enter, or press ? or * to list all spells.
You can't see any susceptible monsters within range! (Use Z to cast anyway.) Unknown command.
Casting: Magic Dart (safe; 4% risk of failure)
Confirm with . or Enter, or press ? or * to list all spells.
You conjure some foxfire!
The orc priest shouts!
The goblin shoots a sling bullet.
The sling bullet closely misses you.
The orc priest calls down the wrath of Beogh upon you.
Beogh smites you!
The foxfire hits the goblin.
You kill the goblin!
Casting: Foxfire (safe; 4% risk of failure)
Confirm with . or Enter, or press ? or * to list all spells.
You conjure some foxfire!
The foxfire hits the orc priest but does no damage.
The orc priest calls down the wrath of Beogh upon you.
Beogh smites you!
Ouch! That really hurt!
You die...

......... ###
#.#o#.# #..
...)o. #.#
.#§# #.# .§.
#)# #§#
#.####)####v#
#.........§@#
######.###v##
#.# #.# #.#
#.# #.# #..
#.# ##. #.#
.. #.# #. #†#


You could see 2 orc priests.

Vanquished Creatures
  An adder (D:2)
  2 orcs (D:2)
  3 ball pythons
  2 bats (D:1)
  2 endoplasms
  2 goblins
  A hobgoblin (D:1)
  3 jackals (D:1)
  2 frilled lizards
  A kobold (D:1)
  A rat (D:1)
20 creatures vanquished.

Vanquished Creatures (others)
  40 foxfires
40 creatures vanquished.

Grand Total: 60 creatures vanquished

Notes
Turn   | Place    | Note
-------+----------+-------------------------------------------
     0 | D:1      | porpoise the Djinni Fire Elementalist began the quest for
                  | the Orb.
     0 | D:1      | porpoise set off with the following spells memorised:
                  | Foxfire, Scorch, Volatile Blastmotes, Inner Flame, Flame
                  | Wave.
     0 | D:1      | Reached XP level 1. HP: 15/15 MP: 0/0
   187 | D:1      | Reached XP level 2. HP: 22/22 MP: 0/0
   190 | D:1      | Reached skill level 1 in Fighting
  1094 | D:2      | Reached XP level 3. HP: 25/27 MP: 0/0
  1094 | D:2      | Learned a level 1 spell: Magic Dart
  1135 | D:2      | Killed from afar by an orc priest

Illustrated notes

Levels and vault maps discovered:
D:1:      heliophobic_arrival_ceremonial_halls, layout_loops_corners
D:2:      minmay_diamond_boxcup, layout_loops_ring, serial_glass,
          glass_columns_c, glass_columns_a, kennysheep_cluttered_room

Skill      XL: |  1  2 |
---------------+-------+-----
Fighting       | 1 |  1.9
Dodging        | |  2.1
Stealth        | |  1.5
Spellcasting   | |  2.9

Action                     || total
---------------------------++-------
  Melee: Unarmed           ||     1
         Dagger            ||    11
   Cast: Foxfire           ||    25
         Magic Dart        ||     1
   Stab: Sleeping          ||     1
  Dodge: Dodged            ||     9
  Block: Other             ||     3
         Reflection        ||     1
